 Dungeon Crawl Stone Soup version 0.29-a0-284-gf9362112df (webtiles) character file.

Game seed: 15646048873938213338

63 sammy202020 the Skirmisher (level 3, -3/29 HPs)
             Began as a Demonspawn Berserker on Mar 23, 2022.
             Was a Believer of Trog.
             Slain by a worm (7 damage)
             ... on level 2 of the Dungeon.
             The game lasted 00:01:40 (886 turns).

sammy202020 the Skirmisher (Demonspawn Berserker)    Turns: 886, Time: 00:01:41

Health: -3/29      AC:  5    Str: 17    XL:     3   Next: 87%
Magic:  3/3        EV: 12    Int: 10    God:    Trog [**....]
Gold:   58         SH:  0    Dex: 12    Spells: 2/2 levels left

rFire   . . .      SeeInvis .   a - +0 hand axe
rCold   . . .      Faith    .   (no shield)
rNeg    . . .      Spirit   .   b - +0 animal skin
rPois   .          Reflect  .   (no helmet)
rElec   .          Harm     .   (no cloak)
rCorr   .          Rampage  .   f - +2 pair of gloves
Will    .....                   (no boots)
Stlth   +.........              (no amulet)
HPRegen 0.09/turn               (no ring)
MPRegen 0.08/turn               (no ring)

@: no status effects
A: demonic magic 1, weakness stinger 1
a: Renounce Religion, Berserk, Trog's Hand


You were on level 2 of the Dungeon.
You worshipped Trog.
Trog was pleased with you.
You visited 1 branch of the dungeon, and saw 2 of its levels.

You collected 58 gold pieces.

Inventory:

Hand Weapons
 a - a +0 hand axe (weapon)
 h - a +0 club
Missiles
 e - 4 poisoned darts (quivered)
Armour
 b - a +0 animal skin (worn)
 f - a +2 pair of gloves (worn)
Scrolls
 d - a scroll of torment {unknown}
 i - a scroll of vulnerability {unknown}
 j - a scroll of identify {unknown}
Potions
 c - a potion of brilliance {unknown}
 g - a potion of berserk rage {unknown}
 k - a potion of mutation {unknown}


   Skills:
 * Level 3.6 Fighting
 * Level 3.2 Axes
 * Level 2.5 Armour
 + Level 2.1 Dodging


You had 2 spell levels left.
You didn't know any spells.
Your spell library was empty.

Dungeon Overview and Level Annotations

Branches:
Dungeon (2/15)

Altars:


Innate Abilities, Weirdness & Mutations

Spells you cast may paralyse adjacent enemies.
You have a small tail.


Message History

You feel yourself slow down.
Things that are here:
a +0 short sword; a +0 whip; a gnoll corpse
Items here: ( )) †.
Okay, then.
A rat comes into view.
A rat is nearby!
You are too injured to fight recklessly!
You are too injured to fight recklessly!
There is a stone staircase leading down here.
You start resting.
You feel yourself speed up.
You start resting.
You recover from your berserk rage.
You start resting.
A rat is nearby!
A rat is nearby!
You are too injured to fight recklessly!
You are too injured to fight recklessly!
A worm comes into view.
The rat closely misses you. The rat misses you.
The rat bites you but does no damage.
You hit the rat.
The rat is severely wounded.
The rat closely misses you.
You hit the rat.
You kill the rat!
Trog accepts your kill.
Items here: ( )) ††.
You hit the worm.
The worm is lightly wounded.
You hit the worm.
The worm is moderately wounded.
The worm bites you!
* * * LOW HITPOINT WARNING * * *
You hit the worm.
The worm is heavily wounded.
The worm bites you!
You die...

##.#.......>....
#........)..........
#[.........##.......
#...†......##.......
#.........>##.#.$..###
#..........##.... ....
#...<......##..# .....
#.>.........#...#......
#.........?..).w@.#..
...####.####.)..........
... #.# #)).........# ..
#.# #.......###.. #.#
........## .
...#.#.....# #..
#......... #.
.........## .
..........#


You could see a worm.

Vanquished Creatures
  3 gnolls (D:2)
  A worm (D:2)
  A dart slug (D:2)
  An orc (D:2)
  2 bats (D:1)
  3 giant cockroaches
  5 goblins
  2 hobgoblins (D:1)
  A quokka (D:1)
  2 ball pythons
  A frilled lizard (D:1)
  4 kobolds
  2 rats (D:2)
28 creatures vanquished.

Notes
Turn   | Place    | Note
-------+----------+-------------------------------------------
     0 | D:1      | sammy202020 the Demonspawn Berserker began the quest for
                  | the Orb.
     0 | D:1      | Reached XP level 1. HP: 18/18 MP: 1/1
   277 | D:1      | Gained mutation: You have a small tail. [demonic ancestry]
   277 | D:1      | Reached XP level 2. HP: 22/24 MP: 2/2
   395 | D:1      | Found a faded altar of an unknown god.
   807 | D:2      | Gained mutation: Spells you cast may paralyse adjacent
                  | enemies. [demonic ancestry]
   807 | D:2      | Reached XP level 3. HP: 4/29 MP: 3/3
   808 | D:2      | Reached ** piety under Trog
   886 | D:2      | Slain by a worm

Illustrated notes

Levels and vault maps discovered:
D:1:      elethiomel_arrival_shortcut, layout_loops_ring,
          dreamdust_ecumenical_altar_statues, grunt_decor_clamped
D:2:      layout_rooms, uniq_terence

Skill      XL: |  1  2 |
---------------+-------+-----
Armour         | 2 |  2.5
Axes           | 3 |  3.2
Dodging        | 2 |  2.1
Fighting       | |  3.6

Action                   || total
-------------------------++-------
Melee: Hand axe          ||    61
       Tailslap          ||     3
       Punch             ||     1
Invok: Berserk           ||     1
Armor: Animal skin       ||    28
Dodge: Dodged            ||    48

Table legend: (Time is in decaauts)
 A = Elapsed time spent in this place.
 B = Non-inter-level travel time spent in this place.
 C = Inter-level travel time spent in this place.
 D = Time resting spent in this place.
 E = Time spent auto-exploring this place.
 F = Levels seen in this place.
 G = Mean time per level.
                   A        B        C        D        E       F      G
               +--------+--------+--------+--------+--------+-----+--------+
         Total |    905 |    850 |     55 |     61 |    610 |   2 |  452.5 |
       Dungeon |    905 |    850 |     55 |     61 |    610 |   2 |  452.5 |
               +--------+--------+--------+--------+--------+-----+--------+

Top non-repeatable levels by time:
     D:1: 785 daAuts
     D:2: 120 daAuts
